[ AOE2 MATCH · #460912749 ]
UnrankedShu vs Berbers
[ REPLAY ANALYSIS · EXTRACTED FROM THE RECORDED GAME ]
Feudal
10:22
Castle
17:54
Imperial
34:28
| APM avg | 30.6 |
| APM peak | 86 |
| eAPM avg | 15.0 |
| Villagers / military | 113 / 428 |
Focus
⚔️ 41.8% · 🌾 58.2%
Spearman ×290 · Archer ×132 · Unknown (1959) ×20 · Fishing Ship ×5 · Unknown (1942) ×3 · Demolition Raft ×3
Feudal
9:48
Castle
21:37
Imperial
37:53
| APM avg | 23.6 |
| APM peak | 54 |
| eAPM avg | 12.9 |
| Villagers / military | 140 / 263 |
Focus
⚔️ 26.1% · 🌾 73.9%
Fire Lancer ×149 · Skirmisher ×105 · Battering Ram ×5 · War Wagon ×4 · Fishing Ship ×1
Feudal
10:26
Castle
18:36
Imperial
35:41
| APM avg | 33.9 |
| APM peak | 68 |
| eAPM avg | 14.7 |
| Villagers / military | 141 / 209 |
Focus
⚔️ 26.1% · 🌾 73.9%
Genitour ×173 · Bombard Cannon ×16 · Camel Scout ×14 · Knight ×3 · Fishing Ship ×3 · Unknown (2626) ×3
Feudal
12:02
Castle
18:37
Imperial
35:50
| APM avg | 25.8 |
| APM peak | 63 |
| eAPM avg | 20.1 |
| Villagers / military | 120 / 303 |
Focus
⚔️ 39.5% · 🌾 60.5%
Knight ×301 · Trade Cart ×20 · Monk ×1 · Mangonel ×1
Feudal
10:01
Castle
21:25
Imperial
37:14
| APM avg | 18.3 |
| APM peak | 60 |
| eAPM avg | 14.2 |
| Villagers / military | 215 / 45 |
Focus
⚔️ 19.4% · 🌾 80.6%
Knight ×30 · War Elephant ×7 · Fishing Ship ×6 · Scorpion ×2 · Bombard Cannon ×2 · Transport Ship ×2
Feudal
11:33
Castle
16:53
Imperial
35:47
| APM avg | 35.5 |
| APM peak | 78 |
| eAPM avg | 14.5 |
| Villagers / military | 140 / 198 |
Focus
⚔️ 29.2% · 🌾 70.8%
Longbowman ×92 · Spearman ×68 · Militia ×20 · Fishing Ship ×9 · Trebuchet (Packed) ×8 · Archer ×6
Match map
Initial resources + every placement click. Lines = walls · curves = elevation contours. ◆ gold · ⬟ stone · ● berries · ✦ relic · ◌ wall gap
Your base· Open — unwalled flank
HeN.53drien's base
Husain Bolt's base
BigFreak's base
HeN.Synfo's base· Open — unwalled flank
KiFQiT - Joseph Vissarionovitch's base
Smoothed initial terrain · ◌ = detected wall gap · hover for details
Inputs per minute
— Aykeem - - HeN.53drien
Build order — Aykeem
First 150 of 419 actions detected
| 0:01 | Create | Villager (Male) |
| 0:01 | Create | Villager (Male) |
| 0:01 | Create | Villager (Male) |
| 0:03 | Build | House |
| 0:04 | Build | House |
| 0:24 | Create | Villager (Male) |
| 1:25 | Create | Villager (Male) |
| 1:46 | Build | Lumber Camp |
| 2:06 | Create | Villager (Male) |
| 2:19 | Create | Villager (Male) |
| 2:53 | Create | Villager (Male) |
| 2:53 | Create | Villager (Male) |
| 3:08 | Create | Villager (Male) |
| 3:09 | Create | Villager (Male) |
| 3:34 | Build | House |
| 3:37 | Build | House |
| 3:45 | Create | Villager (Male) |
| 3:46 | Create | Villager (Male) |
| 4:11 | Build | House |
| 4:12 | Build | House |
| 4:13 | Build | House |
| 4:52 | Create | Villager (Male) |
| 5:05 | Create | Villager (Male) |
| 5:06 | Create | Villager (Male) |
| 5:06 | Create | Villager (Male) |
| 5:48 | Create | Villager (Male) |
| 6:27 | Create | Villager (Male) |
| 6:39 | Create | Villager (Male) |
| 6:54 | Build | Dock |
| 6:56 | Create | Villager (Male) |
| 7:20 | Build | Mill |
| 7:31 | Research | Loom |
| 7:53 | Research | Feudal Age |
| 8:11 | Create | Fishing Ship |
| 9:03 | Build | Mining Camp |
| 9:08 | Create | Villager (Male) |
| 9:27 | Create | Fishing Ship |
| 9:52 | Create | Villager (Male) |
| 10:09 | Build | Barracks |
| 10:15 | Create | Villager (Male) |
| 10:15 | Create | Villager (Male) |
| 10:22 | Age | Feudal Age |
| 10:25 | Create | Demolition Raft |
| 10:29 | Create | Fishing Ship |
| 10:37 | Research | Double-Bit Axe |
| 10:50 | Create | Demolition Raft |
| 10:57 | Create | Demolition Raft |
| 11:02 | Create | Fishing Ship |
| 11:04 | Create | Villager (Male) |
| 11:17 | Create | Villager (Male) |
| 11:21 | Create | Spearman |
| 11:30 | Create | Fire Galley |
| 11:57 | Build | Archery Range |
| 12:12 | Build | Farm |
| 12:15 | Build | Farm |
| 12:16 | Build | Farm |
| 12:18 | Build | Farm |
| 12:21 | Create | Villager (Male) |
| 12:34 | Build | Farm |
| 12:49 | Build | House |
| 12:51 | Build | Palisade Wall |
| 12:58 | Build | Farm |
| 13:15 | Create | Villager (Male) |
| 13:24 | Build | House |
| 13:29 | Build | Farm |
| 13:42 | Create | Villager (Male) |
| 13:43 | Build | Blacksmith |
| 13:49 | Create | Villager (Male) |
| 14:01 | Build | Palisade Wall |
| 14:02 | Build | Palisade Wall |
| 14:09 | Build | Palisade Wall |
| 14:23 | Create | Villager (Male) |
| 14:32 | Build | Farm |
| 15:12 | Build | Farm |
| 15:12 | Build | Farm |
| 15:12 | Build | Farm |
| 15:12 | Build | Farm |
| 15:14 | Research | Castle Age |
| 15:24 | Build | Palisade Wall |
| 15:33 | Build | Palisade Wall |
| 15:38 | Create | Villager (Male) |
| 15:50 | Build | Lumber Camp |
| 16:01 | Create | Archer |
| 16:01 | Create | Archer |
| 16:11 | Build | Building 796 |
| 16:17 | Create | Villager (Male) |
| 16:24 | Create | Villager (Male) |
| 16:35 | Build | Archery Range |
| 16:42 | Research | Fletching |
| 16:44 | Create | Villager (Male) |
| 16:57 | Create | Villager (Male) |
| 16:58 | Create | Archer |
| 17:11 | Create | Fishing Ship |
| 17:21 | Create | Villager (Male) |
| 17:21 | Create | Archer |
| 17:22 | Create | Archer |
| 17:38 | Build | House |
| 17:39 | Build | House |
| 17:49 | Create | Villager (Male) |
| 17:53 | Build | House |
| 17:54 | Build | House |
| 17:54 | Age | Castle Age |
| 18:02 | Research | Crossbowman (upgrade) |
| 18:21 | Build | Town Center |
| 18:26 | Build | House |
| 18:33 | Create | Villager (Male) |
| 18:43 | Create | Villager (Male) |
| 19:09 | Build | Farm |
| 19:19 | Create | Villager (Male) |
| 19:21 | Create | Villager (Male) |
| 19:21 | Create | Villager (Male) |
| 19:22 | Create | Villager (Male) |
| 19:29 | Research | Bodkin Arrow |
| 19:31 | Create | Villager (Male) |
| 19:59 | Build | Monastery |
| 20:03 | Create | Villager (Male) |
| 20:07 | Create | Archer |
| 20:20 | Build | House |
| 20:21 | Build | House |
| 20:32 | Create | Archer |
| 20:32 | Create | Archer |
| 20:34 | Create | Archer |
| 20:56 | Create | Villager (Male) |
| 21:02 | Build | House |
| 21:03 | Build | House |
| 21:24 | Create | Monk |
| 21:27 | Create | Villager (Male) |
| 21:28 | Create | Villager (Male) |
| 21:29 | Create | Villager (Male) |
| 21:29 | Create | Villager (Male) |
| 21:29 | Create | Villager (Male) |
| 21:33 | Build | Mining Camp |
| 21:46 | Build | Market |
| 22:08 | Create | Archer |
| 22:08 | Create | Archer |
| 22:09 | Create | Villager (Male) |
| 22:09 | Create | Villager (Male) |
| 22:10 | Create | Villager (Male) |
| 22:10 | Create | Villager (Male) |
| 22:28 | Build | Mining Camp |
| 22:30 | Create | Villager (Male) |
| 22:30 | Create | Villager (Male) |
| 22:59 | Research | Wheelbarrow |
| 23:12 | Build | Farm |
| 23:12 | Build | Farm |
| 23:13 | Build | Farm |
| 23:13 | Build | Farm |
| 23:19 | Create | Monk |
| 23:26 | Create | Archer |
| 23:26 | Create | Archer |
Build order — HeN.53drien
First 150 of 390 actions detected
| 0:02 | Create | Villager (Male) |
| 0:02 | Create | Villager (Male) |
| 0:02 | Create | Villager (Male) |
| 0:03 | Create | Villager (Male) |
| 0:04 | Build | House |
| 0:06 | Build | House |
| 1:43 | Create | Villager (Male) |
| 2:13 | Build | Lumber Camp |
| 2:13 | Create | Villager (Male) |
| 2:17 | Create | Villager (Male) |
| 3:10 | Create | Villager (Male) |
| 3:10 | Create | Villager (Male) |
| 3:37 | Create | Villager (Male) |
| 4:11 | Build | House |
| 4:30 | Create | Villager (Male) |
| 4:46 | Create | Villager (Male) |
| 4:53 | Build | Mill |
| 5:14 | Create | Villager (Male) |
| 5:54 | Create | Villager (Male) |
| 5:54 | Create | Villager (Male) |
| 6:48 | Create | Villager (Male) |
| 6:53 | Research | Loom |
| 7:38 | Research | Feudal Age |
| 8:34 | Build | House |
| 8:48 | Create | Villager (Male) |
| 8:48 | Create | Villager (Male) |
| 8:57 | Build | Barracks |
| 9:05 | Build | Palisade Wall |
| 9:48 | Age | Feudal Age |
| 10:04 | Create | Villager (Male) |
| 10:04 | Create | Villager (Male) |
| 10:13 | Research | Double-Bit Axe |
| 10:19 | Build | Mining Camp |
| 10:55 | Build | Market |
| 11:03 | Build | House |
| 11:10 | Create | Villager (Male) |
| 11:55 | Create | Villager (Male) |
| 11:56 | Create | Villager (Male) |
| 12:00 | Build | House |
| 12:07 | Build | Blacksmith |
| 12:45 | Build | Dock |
| 12:46 | Create | Villager (Male) |
| 12:47 | Create | Villager (Male) |
| 13:27 | Build | Farm |
| 13:27 | Build | Farm |
| 13:34 | Research | Horse Collar |
| 13:43 | Create | Villager (Male) |
| 13:43 | Create | Villager (Male) |
| 13:49 | Create | Fishing Ship |
| 14:09 | Build | Farm |
| 14:31 | Create | Villager (Male) |
| 14:40 | Create | Villager (Male) |
| 14:44 | Build | Farm |
| 15:04 | Build | Lumber Camp |
| 15:06 | Create | Villager (Male) |
| 15:13 | Build | House |
| 15:22 | Build | Farm |
| 15:23 | Build | Farm |
| 15:27 | Build | Farm |
| 15:28 | Create | Villager (Male) |
| 15:40 | Create | Villager (Male) |
| 15:49 | Build | Farm |
| 15:55 | Build | Farm |
| 16:04 | Build | Farm |
| 16:09 | Build | House |
| 16:19 | Build | House |
| 16:20 | Build | House |
| 16:21 | Build | House |
| 16:22 | Build | House |
| 16:24 | Build | House |
| 16:26 | Create | Villager (Male) |
| 16:37 | Build | Farm |
| 16:38 | Build | Farm |
| 16:39 | Build | Farm |
| 16:48 | Build | Farm |
| 16:55 | Build | Farm |
| 17:01 | Build | Farm |
| 17:03 | Create | Villager (Male) |
| 17:07 | Build | House |
| 17:34 | Build | Farm |
| 17:35 | Build | Farm |
| 17:37 | Build | Farm |
| 17:42 | Build | Farm |
| 17:47 | Build | House |
| 17:57 | Create | Villager (Male) |
| 17:57 | Create | Villager (Male) |
| 18:21 | Build | Farm |
| 18:39 | Build | Stone Wall |
| 18:49 | Build | Building 487 |
| 18:51 | Build | House |
| 18:53 | Build | House |
| 18:57 | Research | Castle Age |
| 19:10 | Build | Mining Camp |
| 19:22 | Research | Stone Mining |
| 19:39 | Create | Villager (Male) |
| 19:39 | Create | Villager (Male) |
| 19:50 | Research | Fletching |
| 21:37 | Age | Castle Age |
| 21:55 | Research | Bodkin Arrow |
| 22:03 | Build | University |
| 22:10 | Build | Town Center |
| 22:27 | Build | Town Center |
| 22:29 | Create | Villager (Male) |
| 22:30 | Create | Villager (Male) |
| 23:06 | Build | Castle |
| 23:18 | Create | Villager (Male) |
| 23:19 | Create | Villager (Male) |
| 23:19 | Create | Villager (Male) |
| 23:19 | Create | Villager (Male) |
| 23:53 | Research | Bow Saw |
| 23:56 | Research | Wheelbarrow |
| 23:58 | Create | Villager (Male) |
| 24:00 | Create | Villager (Male) |
| 24:01 | Create | Villager (Male) |
| 25:11 | Create | Villager (Male) |
| 25:12 | Create | Villager (Male) |
| 25:20 | Build | Lumber Camp |
| 25:25 | Create | Villager (Male) |
| 25:39 | Build | Town Center |
| 25:45 | Build | Farm |
| 25:45 | Build | Farm |
| 25:52 | Create | War Wagon |
| 26:20 | Create | Villager (Male) |
| 26:20 | Create | Villager (Male) |
| 26:21 | Create | Villager (Male) |
| 26:21 | Create | Villager (Male) |
| 26:21 | Create | Villager (Male) |
| 26:22 | Create | Villager (Male) |
| 26:33 | Research | Hand Cart |
| 26:36 | Research | Gold Mining |
| 26:53 | Research | Heavy Plow |
| 26:58 | Build | Farm |
| 27:03 | Create | War Wagon |
| 27:15 | Create | Villager (Male) |
| 27:16 | Create | Villager (Male) |
| 27:16 | Create | Villager (Male) |
| 27:16 | Create | Villager (Male) |
| 27:17 | Create | Villager (Male) |
| 27:32 | Build | Farm |
| 27:32 | Build | Farm |
| 27:32 | Build | Farm |
| 27:37 | Research | Town Watch |
| 27:42 | Build | Farm |
| 27:46 | Build | Farm |
| 27:48 | Create | Villager (Male) |
| 27:53 | Create | War Wagon |
| 28:05 | Build | Stable |
| 28:07 | Create | Villager (Male) |
| 28:07 | Create | Villager (Male) |
| 28:08 | Create | Villager (Male) |
Build order — Husain Bolt
First 150 of 325 actions detected
| 0:03 | Create | Villager (Male) |
| 0:03 | Create | Villager (Male) |
| 0:04 | Create | Villager (Male) |
| 0:05 | Build | House |
| 0:07 | Build | House |
| 0:17 | Create | Villager (Male) |
| 1:40 | Create | Villager (Male) |
| 1:53 | Build | Lumber Camp |
| 2:16 | Create | Villager (Male) |
| 2:25 | Create | Villager (Male) |
| 2:55 | Create | Villager (Male) |
| 2:55 | Create | Villager (Male) |
| 3:11 | Build | House |
| 3:13 | Build | House |
| 3:15 | Create | Villager (Male) |
| 3:15 | Create | Villager (Male) |
| 4:04 | Create | Villager (Male) |
| 4:04 | Create | Villager (Male) |
| 4:42 | Create | Villager (Male) |
| 4:43 | Create | Villager (Male) |
| 5:28 | Build | House |
| 5:29 | Build | House |
| 5:45 | Create | Villager (Male) |
| 5:45 | Create | Villager (Male) |
| 6:28 | Create | Villager (Male) |
| 6:29 | Create | Villager (Male) |
| 6:29 | Create | Villager (Male) |
| 7:07 | Build | Mill |
| 7:36 | Build | Palisade Wall |
| 8:02 | Build | Building 800 |
| 8:05 | Build | House |
| 8:16 | Research | Feudal Age |
| 8:34 | Build | Mining Camp |
| 9:11 | Build | Building 796 |
| 9:14 | Build | Palisade Wall |
| 9:21 | Create | Villager (Male) |
| 9:21 | Create | Villager (Male) |
| 9:27 | Build | Building 804 |
| 10:26 | Age | Feudal Age |
| 10:32 | Create | Villager (Male) |
| 10:32 | Create | Villager (Male) |
| 10:34 | Research | Double-Bit Axe |
| 10:44 | Build | Stone Wall |
| 10:57 | Build | Market |
| 11:02 | Build | Blacksmith |
| 11:31 | Create | Villager (Male) |
| 12:17 | Build | Farm |
| 12:17 | Build | Farm |
| 12:20 | Research | Loom |
| 12:20 | Research | Wheelbarrow |
| 13:19 | Build | Farm |
| 13:49 | Build | Barracks |
| 14:11 | Build | Dock |
| 14:25 | Create | Villager (Male) |
| 14:25 | Create | Villager (Male) |
| 14:46 | Build | Building 490 |
| 14:55 | Build | Building 490 |
| 14:59 | Build | Stone Wall |
| 15:17 | Build | Building 487 |
| 15:26 | Build | Stone Wall |
| 15:30 | Create | Demolition Raft |
| 15:30 | Create | Demolition Raft |
| 15:30 | Create | Demolition Raft |
| 15:34 | Create | Fishing Ship |
| 15:35 | Create | Fishing Ship |
| 15:35 | Create | Fishing Ship |
| 15:52 | Build | Mining Camp |
| 15:56 | Research | Castle Age |
| 16:21 | Build | Farm |
| 16:21 | Build | Farm |
| 16:22 | Build | Farm |
| 16:46 | Build | Lumber Camp |
| 16:55 | Build | Farm |
| 16:55 | Build | Farm |
| 17:21 | Build | House |
| 17:23 | Build | House |
| 17:39 | Create | Unit 2626 |
| 18:06 | Create | Villager (Male) |
| 18:06 | Create | Villager (Male) |
| 18:06 | Create | Villager (Male) |
| 18:29 | Build | Stable |
| 18:36 | Age | Castle Age |
| 19:01 | Build | Town Center |
| 19:24 | Build | Building 490 |
| 19:28 | Build | Stone Wall |
| 19:32 | Create | Camel Scout |
| 19:32 | Create | Camel Scout |
| 20:01 | Research | Hand Cart |
| 20:10 | Create | Villager (Male) |
| 20:11 | Create | Villager (Male) |
| 20:11 | Create | Villager (Male) |
| 20:51 | Build | Stone Wall |
| 20:54 | Build | Building 673 |
| 21:00 | Create | Villager (Male) |
| 21:00 | Create | Villager (Male) |
| 21:00 | Create | Villager (Male) |
| 21:01 | Create | Villager (Male) |
| 21:11 | Create | Villager (Male) |
| 21:11 | Create | Villager (Male) |
| 22:03 | Build | Archery Range |
| 22:09 | Build | Archery Range |
| 22:20 | Create | Knight |
| 22:20 | Create | Knight |
| 22:30 | Research | Scale Barding Armor |
| 22:37 | Build | House |
| 22:43 | Create | Villager (Male) ×5 |
| 22:43 | Create | Villager (Male) ×2 |
| 22:59 | Build | Farm |
| 22:59 | Build | Farm |
| 22:59 | Build | Farm |
| 23:07 | Create | Genitour |
| 23:07 | Create | Genitour |
| 23:17 | Create | Knight |
| 23:28 | Build | Building 490 |
| 23:46 | Create | Genitour |
| 23:46 | Create | Genitour |
| 25:06 | Create | Villager (Male) ×5 |
| 25:06 | Create | Villager (Male) ×5 |
| 25:06 | Create | Villager (Male) ×5 |
| 25:12 | Build | House |
| 25:13 | Build | House |
| 25:17 | Build | House |
| 25:19 | Build | House |
| 25:19 | Build | House |
| 25:29 | Build | Lumber Camp |
| 25:39 | Create | Unit 2626 |
| 25:39 | Create | Unit 2626 |
| 25:56 | Build | Mill |
| 25:58 | Build | Farm |
| 25:58 | Build | Farm |
| 25:58 | Build | Farm |
| 25:58 | Build | Farm |
| 25:59 | Build | Farm |
| 25:59 | Build | Farm |
| 26:07 | Build | Castle |
| 26:21 | Build | Stone Wall |
| 26:31 | Create | Camel Scout |
| 26:32 | Create | Camel Scout |
| 26:50 | Create | Genitour ×5 |
| 26:50 | Create | Genitour ×5 |
| 26:51 | Create | Genitour ×2 |
| 27:06 | Build | Stone Wall |
| 27:10 | Build | Stone Wall |
| 27:32 | Create | Villager (Male) ×5 |
| 27:32 | Create | Villager (Male) ×5 |
| 27:52 | Build | Farm |
| 27:53 | Build | Farm |
| 27:53 | Build | Farm |
| 29:10 | Research | Fletching |
| 29:12 | Research | Padded Archer Armor |
Build order — BigFreak
First 150 of 639 actions detected
| 0:03 | Build | House |
| 0:05 | Build | House |
| 0:06 | Research | Loom |
| 0:06 | Research | Loom |
| 0:07 | Create | Villager (Male) |
| 0:07 | Create | Villager (Male) |
| 0:07 | Create | Villager (Male) |
| 0:07 | Create | Villager (Male) |
| 0:08 | Create | Villager (Male) |
| 1:40 | Create | Villager (Male) |
| 2:14 | Create | Villager (Male) |
| 2:41 | Create | Villager (Male) |
| 2:46 | Build | Lumber Camp |
| 3:45 | Build | House |
| 4:22 | Create | Villager (Male) |
| 4:22 | Create | Villager (Male) |
| 4:22 | Create | Villager (Male) |
| 4:22 | Create | Villager (Male) |
| 4:23 | Create | Villager (Male) |
| 4:49 | Build | Mill |
| 6:00 | Create | Villager (Male) |
| 6:01 | Create | Villager (Male) |
| 6:01 | Create | Villager (Male) |
| 6:27 | Create | Villager (Male) |
| 7:20 | Build | Lumber Camp |
| 7:40 | Build | House |
| 7:51 | Create | Villager (Male) |
| 7:52 | Create | Villager (Male) |
| 8:03 | Create | Villager (Male) |
| 9:03 | Create | Villager (Male) |
| 9:21 | Research | Feudal Age |
| 9:39 | Build | Mining Camp |
| 10:00 | Build | Mill |
| 10:22 | Build | Palisade Wall |
| 10:25 | Build | Palisade Wall |
| 10:26 | Build | Palisade Gate |
| 10:30 | Build | Palisade Wall |
| 10:39 | Build | Palisade Wall |
| 10:43 | Create | Villager (Male) |
| 10:43 | Create | Villager (Male) |
| 10:44 | Create | Villager (Male) |
| 10:44 | Create | Villager (Male) |
| 10:45 | Create | Villager (Male) |
| 12:02 | Age | Feudal Age |
| 12:05 | Research | Horse Collar |
| 12:09 | Build | Market |
| 12:12 | Build | House |
| 12:14 | Build | Blacksmith |
| 12:28 | Build | Farm |
| 12:29 | Build | Farm |
| 12:33 | Build | Farm |
| 12:34 | Build | Farm |
| 12:35 | Build | Farm |
| 12:36 | Build | Farm |
| 12:37 | Build | Farm |
| 14:30 | Build | Farm |
| 14:38 | Research | Wheelbarrow |
| 14:55 | Build | House |
| 14:59 | Build | House |
| 16:11 | Research | Castle Age |
| 16:27 | Build | Farm |
| 16:28 | Build | Farm |
| 16:29 | Build | Farm |
| 16:30 | Build | Farm |
| 16:31 | Build | Farm |
| 16:35 | Research | Double-Bit Axe |
| 17:40 | Create | Villager (Male) |
| 17:40 | Create | Villager (Male) |
| 17:40 | Create | Villager (Male) |
| 18:37 | Age | Castle Age |
| 18:43 | Build | Town Center |
| 19:02 | Build | Town Center |
| 19:09 | Research | Bow Saw |
| 19:41 | Create | Villager (Male) |
| 19:42 | Create | Villager (Male) |
| 20:08 | Build | Town Center |
| 20:13 | Create | Villager (Male) |
| 20:14 | Create | Villager (Male) |
| 20:15 | Create | Villager (Male) |
| 20:25 | Research | Heavy Plow |
| 20:31 | Research | Gold Mining |
| 20:37 | Build | Mining Camp |
| 21:15 | Create | Villager (Male) |
| 21:15 | Create | Villager (Male) |
| 21:16 | Create | Villager (Male) |
| 21:16 | Create | Villager (Male) |
| 21:16 | Create | Villager (Male) |
| 21:18 | Build | Farm |
| 21:19 | Build | Farm |
| 21:20 | Build | Farm |
| 21:41 | Build | Farm |
| 21:42 | Build | Farm |
| 21:46 | Build | Farm |
| 21:50 | Create | Villager (Male) |
| 21:52 | Create | Villager (Male) |
| 21:52 | Create | Villager (Male) |
| 21:53 | Create | Villager (Male) |
| 21:53 | Create | Villager (Male) |
| 21:53 | Create | Villager (Male) |
| 21:54 | Create | Villager (Male) |
| 21:54 | Create | Villager (Male) |
| 21:54 | Create | Villager (Male) |
| 22:07 | Create | Villager (Male) |
| 22:08 | Create | Villager (Male) |
| 22:13 | Build | Farm |
| 22:16 | Create | Villager (Male) |
| 22:26 | Build | Farm |
| 22:27 | Build | Farm |
| 22:28 | Build | Farm |
| 22:30 | Create | Villager (Male) |
| 22:30 | Create | Villager (Male) |
| 22:33 | Create | Villager (Male) |
| 22:36 | Build | House |
| 22:43 | Build | House |
| 22:54 | Research | Town Watch |
| 22:54 | Create | Villager (Male) |
| 22:55 | Create | Villager (Male) |
| 23:10 | Build | Siege Workshop |
| 23:14 | Build | Palisade Wall |
| 23:21 | Create | Villager (Male) |
| 23:21 | Create | Villager (Male) |
| 23:22 | Create | Villager (Male) |
| 23:22 | Create | Villager (Male) |
| 23:25 | Create | Villager (Male) |
| 23:34 | Build | Farm |
| 23:35 | Build | Farm |
| 23:45 | Build | Farm |
| 23:47 | Build | Farm |
| 23:51 | Create | Villager (Male) |
| 23:51 | Create | Villager (Male) |
| 23:51 | Create | Villager (Male) |
| 23:51 | Create | Villager (Male) |
| 24:00 | Create | Mangonel |
| 24:13 | Build | House |
| 24:15 | Build | House |
| 24:17 | Create | Villager (Male) |
| 24:17 | Create | Villager (Male) |
| 24:18 | Create | Villager (Male) |
| 24:18 | Create | Villager (Male) |
| 24:31 | Build | House |
| 24:32 | Build | House |
| 24:33 | Build | House |
| 24:34 | Build | House |
| 24:35 | Build | House |
| 24:36 | Build | House |
| 24:37 | Build | House |
| 24:37 | Build | House |
| 24:51 | Research | Hand Cart |
| 25:26 | Create | Villager (Male) |
| 25:26 | Create | Villager (Male) |
Build order — HeN.Synfo
First 150 of 416 actions detected
| 0:01 | Create | Villager (Male) |
| 0:01 | Create | Villager (Male) |
| 0:02 | Create | Villager (Male) |
| 0:05 | Build | House |
| 0:08 | Build | House |
| 0:36 | Create | Villager (Male) |
| 0:37 | Create | Villager (Male) |
| 1:57 | Build | Lumber Camp |
| 2:03 | Create | Villager (Male) |
| 2:13 | Create | Villager (Male) |
| 2:28 | Create | Villager (Male) |
| 2:49 | Create | Villager (Male) |
| 2:59 | Build | House |
| 3:35 | Create | Villager (Male) |
| 3:43 | Build | House |
| 3:48 | Create | Villager (Male) |
| 3:53 | Build | Mill |
| 4:47 | Create | Villager (Male) |
| 4:47 | Create | Villager (Male) |
| 5:32 | Create | Villager (Male) |
| 5:33 | Create | Villager (Male) |
| 5:34 | Create | Villager (Male) |
| 6:11 | Create | Villager (Male) |
| 6:11 | Create | Villager (Male) |
| 6:14 | Research | Loom |
| 6:48 | Build | Dock |
| 7:31 | Create | Fishing Ship |
| 7:47 | Research | Feudal Age |
| 8:25 | Build | Lumber Camp |
| 9:01 | Create | Villager (Male) |
| 9:02 | Create | Villager (Male) |
| 9:02 | Create | Villager (Male) |
| 9:36 | Create | Fishing Ship |
| 9:37 | Create | Fishing Ship |
| 9:58 | Build | House |
| 10:01 | Age | Feudal Age |
| 10:19 | Build | House |
| 10:28 | Create | Fishing Ship |
| 10:29 | Create | Fishing Ship |
| 10:53 | Build | Mill |
| 11:03 | Build | House |
| 11:48 | Create | Villager (Male) |
| 11:49 | Create | Villager (Male) |
| 11:50 | Create | Villager (Male) |
| 11:56 | Build | Barracks |
| 12:12 | Research | Double-Bit Axe |
| 12:51 | Build | Farm |
| 13:42 | Create | Villager (Male) |
| 13:42 | Create | Villager (Male) |
| 13:43 | Create | Villager (Male) |
| 13:47 | Build | Farm |
| 13:51 | Build | Farm |
| 13:59 | Build | Stable |
| 14:13 | Build | Farm |
| 14:35 | Build | Dock |
| 14:50 | Create | Villager (Male) |
| 14:51 | Create | Villager (Male) |
| 14:51 | Create | Villager (Male) |
| 15:01 | Build | Mining Camp |
| 15:04 | Build | House |
| 15:14 | Research | Wheelbarrow |
| 15:33 | Build | Stable |
| 15:37 | Create | Fishing Ship |
| 15:45 | Create | Villager (Male) |
| 15:46 | Create | Villager (Male) |
| 15:49 | Create | Villager (Male) |
| 16:09 | Build | Lumber Camp |
| 16:49 | Build | Farm |
| 16:54 | Research | Horse Collar |
| 17:04 | Build | House |
| 17:10 | Create | Villager (Male) |
| 17:10 | Create | Villager (Male) |
| 17:28 | Build | House |
| 17:40 | Build | Blacksmith |
| 18:00 | Build | Lumber Camp |
| 18:19 | Build | House |
| 18:32 | Research | Castle Age |
| 18:35 | Build | House |
| 18:50 | Build | Farm |
| 18:55 | Build | Farm |
| 19:02 | Build | Farm |
| 19:09 | Research | Gold Mining |
| 19:24 | Build | Stable |
| 19:56 | Research | Bloodlines |
| 20:34 | Build | House |
| 20:41 | Create | Villager (Male) |
| 20:42 | Create | Villager (Male) |
| 20:57 | Build | Farm |
| 21:11 | Create | Villager (Male) |
| 21:12 | Create | Villager (Male) |
| 21:22 | Build | Farm |
| 21:25 | Age | Castle Age |
| 21:29 | Build | Farm |
| 21:39 | Build | Farm |
| 21:39 | Build | Farm |
| 21:40 | Build | Farm |
| 21:40 | Build | Farm |
| 21:41 | Build | Farm |
| 21:42 | Build | Farm |
| 21:47 | Research | Husbandry |
| 21:55 | Create | Knight ×3 |
| 22:08 | Build | Town Center |
| 22:38 | Research | Bow Saw |
| 22:44 | Build | Farm |
| 22:50 | Create | Villager (Male) |
| 22:51 | Create | Villager (Male) |
| 22:51 | Create | Villager (Male) |
| 23:06 | Build | Farm |
| 23:15 | Build | Town Center |
| 23:31 | Create | Knight ×4 |
| 23:39 | Create | Villager (Male) |
| 23:45 | Create | Villager (Male) |
| 23:54 | Build | Mining Camp |
| 24:04 | Build | Farm |
| 24:09 | Build | Farm |
| 24:21 | Create | Knight ×3 |
| 24:26 | Create | Villager (Male) |
| 24:55 | Create | Villager (Male) |
| 24:56 | Create | Villager (Male) |
| 24:56 | Create | Villager (Male) |
| 25:11 | Research | Heavy Plow |
| 25:13 | Create | Villager (Male) |
| 25:28 | Build | Farm |
| 25:36 | Build | Farm |
| 25:41 | Create | Knight ×3 |
| 25:52 | Research | Scale Barding Armor |
| 26:06 | Build | Town Center |
| 26:12 | Create | Villager (Male) |
| 26:12 | Create | Villager (Male) |
| 26:13 | Create | Villager (Male) |
| 26:23 | Build | Farm |
| 26:56 | Create | Villager (Male) |
| 26:57 | Create | Villager (Male) |
| 26:57 | Create | Villager (Male) |
| 27:45 | Create | Villager (Male) |
| 27:45 | Create | Villager (Male) |
| 27:46 | Create | Villager (Male) |
| 27:51 | Build | Farm |
| 28:07 | Build | House |
| 28:13 | Build | Farm |
| 28:13 | Build | Farm |
| 28:13 | Build | Farm |
| 28:14 | Build | Farm |
| 28:14 | Build | Farm |
| 28:14 | Build | Farm |
| 28:15 | Build | Farm |
| 28:15 | Build | Farm |
| 28:15 | Build | Farm |
| 28:15 | Build | Farm |
| 28:33 | Build | House |
Build order — KiFQiT - Joseph Vissarionovitch
First 150 of 321 actions detected
| 0:01 | Create | Villager (Male) |
| 0:01 | Create | Villager (Male) |
| 0:01 | Create | Villager (Male) |
| 0:03 | Build | House |
| 0:04 | Build | House |
| 0:22 | Create | Villager (Male) |
| 1:19 | Create | Villager (Male) |
| 1:20 | Create | Villager (Male) |
| 1:49 | Build | Lumber Camp |
| 2:03 | Create | Villager (Male) |
| 2:04 | Create | Villager (Male) |
| 2:04 | Create | Villager (Male) |
| 2:32 | Create | Villager (Male) |
| 2:32 | Create | Villager (Male) |
| 2:42 | Create | Villager (Male) |
| 3:10 | Create | Villager (Male) |
| 3:11 | Create | Villager (Male) |
| 3:23 | Build | House |
| 3:40 | Create | Villager (Male) |
| 4:02 | Create | Villager (Male) |
| 4:43 | Create | Villager (Male) |
| 5:30 | Create | Villager (Male) |
| 5:52 | Create | Villager (Male) |
| 6:01 | Build | House |
| 6:13 | Create | Villager (Male) |
| 7:03 | Build | Mill |
| 7:43 | Create | Villager (Male) |
| 7:44 | Create | Villager (Male) |
| 8:20 | Build | Mill |
| 8:25 | Create | Villager (Male) |
| 8:26 | Create | Villager (Male) |
| 9:03 | Build | Lumber Camp |
| 9:14 | Research | Feudal Age |
| 10:11 | Build | Dock |
| 10:18 | Build | House |
| 10:25 | Research | Loom |
| 10:25 | Create | Villager (Male) |
| 10:25 | Create | Villager (Male) |
| 10:48 | Build | House |
| 10:55 | Create | Fishing Ship |
| 11:11 | Build | Palisade Wall |
| 11:27 | Build | Palisade Wall |
| 11:33 | Age | Feudal Age |
| 11:53 | Create | Fishing Ship |
| 12:00 | Build | Market |
| 12:11 | Build | Market |
| 12:26 | Create | Fishing Ship |
| 12:33 | Create | Villager (Male) |
| 12:43 | Build | Blacksmith |
| 12:46 | Build | Palisade Wall |
| 13:23 | Create | Villager (Male) |
| 13:24 | Create | Villager (Male) |
| 13:41 | Build | House |
| 13:44 | Build | Palisade Wall |
| 13:58 | Build | Mining Camp |
| 14:06 | Research | Castle Age |
| 14:20 | Build | House |
| 14:26 | Create | Fishing Ship |
| 14:27 | Create | Fishing Ship |
| 14:33 | Research | Double-Bit Axe |
| 14:42 | Build | Lumber Camp |
| 15:16 | Create | Villager (Male) |
| 15:29 | Build | Farm |
| 15:30 | Build | Farm |
| 15:30 | Build | Farm |
| 16:05 | Build | Farm |
| 16:08 | Build | Farm |
| 16:19 | Research | Tech 906 |
| 16:20 | Create | Fishing Ship |
| 16:53 | Age | Castle Age |
| 17:01 | Build | Town Center |
| 17:07 | Build | Town Center |
| 17:21 | Build | Town Center |
| 17:24 | Build | Farm |
| 17:27 | Research | Bow Saw |
| 17:28 | Research | Horse Collar |
| 17:40 | Create | Fishing Ship |
| 17:43 | Create | Villager (Male) ×2 |
| 18:15 | Build | Farm |
| 18:18 | Create | Villager (Male) ×2 |
| 18:26 | Build | Farm |
| 18:28 | Build | Farm |
| 18:31 | Build | Farm |
| 18:36 | Build | Farm |
| 18:37 | Create | Villager (Male) |
| 18:43 | Create | Villager (Male) |
| 18:57 | Build | Farm |
| 18:58 | Build | Farm |
| 18:59 | Create | Villager (Male) |
| 19:04 | Create | Villager (Male) |
| 19:06 | Build | Farm |
| 19:16 | Create | Villager (Male) |
| 19:19 | Build | Farm |
| 19:22 | Build | Farm |
| 19:30 | Build | Farm |
| 19:33 | Build | Farm |
| 19:33 | Create | Villager (Male) |
| 19:35 | Create | Villager (Male) |
| 19:45 | Create | Villager (Male) |
| 19:49 | Build | Farm |
| 19:59 | Build | Building 796 |
| 20:15 | Build | Dock |
| 20:20 | Create | Villager (Male) ×5 |
| 20:21 | Create | Villager (Male) |
| 20:23 | Build | Farm |
| 20:36 | Build | Farm |
| 20:37 | Create | Villager (Male) |
| 20:57 | Create | Villager (Male) ×3 |
| 21:00 | Build | House |
| 21:03 | Create | Villager (Male) |
| 21:08 | Build | Farm |
| 21:09 | Build | Farm |
| 21:12 | Create | Villager (Male) |
| 21:20 | Build | Farm |
| 21:21 | Create | Villager (Male) |
| 21:36 | Build | House |
| 21:36 | Build | House |
| 21:36 | Build | House |
| 21:39 | Create | Villager (Male) ×5 |
| 21:44 | Create | Fishing Ship |
| 21:44 | Create | Fishing Ship |
| 21:51 | Build | Farm |
| 21:52 | Create | Villager (Male) |
| 22:04 | Research | Wheelbarrow |
| 22:11 | Research | Town Watch |
| 22:17 | Build | House |
| 22:18 | Build | House |
| 22:20 | Create | Villager (Male) ×3 |
| 22:23 | Build | House |
| 22:29 | Research | Gillnets |
| 22:38 | Create | Villager (Male) ×3 |
| 22:58 | Build | Farm |
| 22:58 | Build | Farm |
| 22:58 | Build | Farm |
| 22:59 | Build | Farm |
| 22:59 | Build | Farm |
| 22:59 | Build | Farm |
| 23:02 | Research | Heavy Plow |
| 23:04 | Build | Farm |
| 23:10 | Build | Farm |
| 23:10 | Build | Farm |
| 23:10 | Build | Farm |
| 23:10 | Build | Farm |
| 23:11 | Build | Farm |
| 23:14 | Create | Villager (Male) ×4 |
| 23:24 | Build | Farm |
| 23:29 | Build | House |
| 23:31 | Create | Villager (Male) ×3 |
| 23:39 | Build | Dock |
| 23:40 | Create | Villager (Male) ×3 |
Match timeline
| 6:48 | HeN.Synfo · first_building Dock |
| 6:54 | Aykeem · first_building Dock |
| 7:36 | Husain Bolt · wall_segment Palisade Wall x18 |
| 8:57 | HeN.53drien · first_building Barracks |
| 9:05 | HeN.53drien · wall_segment Palisade Wall x1 |
| 9:14 | Husain Bolt · wall_segment Palisade Wall x1 |
| 9:48 | HeN.53drien · age_up feudal |
| 10:01 | HeN.Synfo · age_up feudal |
| 10:09 | Aykeem · first_building Barracks |
| 10:11 | KiFQiT - Joseph Vissarionovitch · first_building Dock |
| 10:22 | Aykeem · age_up feudal |
| 10:22 | BigFreak · wall_segment Palisade Wall x1 |
| 10:25 | BigFreak · wall_segment Palisade Wall x6 |
| 10:26 | Husain Bolt · age_up feudal |
| 10:30 | BigFreak · wall_segment Palisade Wall x5 |
| 10:39 | BigFreak · wall_segment Palisade Wall x13 |
| 10:44 | Husain Bolt · wall_segment Stone Wall x15 |
| 11:11 | KiFQiT - Joseph Vissarionovitch · wall_segment Palisade Wall x8 |
| 11:27 | KiFQiT - Joseph Vissarionovitch · wall_segment Palisade Wall x5 |
| 11:33 | KiFQiT - Joseph Vissarionovitch · age_up feudal |
| 11:56 | HeN.Synfo · first_building Barracks |
| 11:57 | Aykeem · first_building Archery Range |
| 12:02 | BigFreak · age_up feudal |
| 12:45 | HeN.53drien · first_building Dock |
| 12:46 | KiFQiT - Joseph Vissarionovitch · wall_segment Palisade Wall x1 |
| 12:51 | Aykeem · wall_segment Palisade Wall x1 |
| 13:22 | KiFQiT - Joseph Vissarionovitch · first_market_sell 100 wood |
| 13:44 | KiFQiT - Joseph Vissarionovitch · wall_segment Palisade Wall x2 |
| 13:49 | Husain Bolt · first_building Barracks |
| 13:59 | HeN.Synfo · first_building Stable |
| 14:00 | BigFreak · first_market_sell 100 stone |
| 14:01 | Aykeem · wall_segment Palisade Wall x21 |
| 14:02 | Aykeem · wall_segment Palisade Wall x9 |
| 14:07 | BigFreak · first_market_buy 100 food |
| 14:09 | Aykeem · wall_segment Palisade Wall x15 |
| 14:11 | Husain Bolt · first_building Dock |
| 14:18 | Husain Bolt · first_market_buy 100 food |
| 14:56 | HeN.53drien · first_market_buy 100 wood |
| 14:59 | Husain Bolt · wall_segment Stone Wall x4 |
| 15:24 | Aykeem · wall_segment Palisade Wall x12 |
| 15:26 | Husain Bolt · wall_segment Stone Wall x4 |
| 15:33 | Aykeem · wall_segment Palisade Wall x8 |
| 16:53 | KiFQiT - Joseph Vissarionovitch · age_up castle |
| 17:16 | KiFQiT - Joseph Vissarionovitch · first_market_buy 100 stone |
| 17:54 | Aykeem · age_up castle |
| 18:29 | Husain Bolt · first_building Stable |
| 18:36 | Husain Bolt · age_up castle |
| 18:37 | BigFreak · age_up castle |
| 18:39 | HeN.53drien · wall_segment Stone Wall x7 |
| 18:45 | Husain Bolt · first_market_sell 100 stone |
| 19:28 | Husain Bolt · wall_segment Stone Wall x4 |
| 19:59 | Aykeem · first_building Monastery |
| 20:51 | Husain Bolt · wall_segment Stone Wall x6 |
| 21:25 | HeN.Synfo · age_up castle |
| 21:37 | HeN.53drien · age_up castle |
| 22:03 | Husain Bolt · first_building Archery Range |
| 23:06 | HeN.53drien · first_building Castle |
| 23:10 | BigFreak · first_building Siege Workshop |
| 23:14 | BigFreak · wall_segment Palisade Wall x1 |
| 25:42 | BigFreak · wall_segment Palisade Wall x1 |
| 25:56 | BigFreak · wall_segment Palisade Wall x1 |
| 26:07 | Husain Bolt · first_building Castle |
| 26:21 | Husain Bolt · wall_segment Stone Wall x4 |
| 26:31 | BigFreak · first_building Barracks |
| 26:38 | KiFQiT - Joseph Vissarionovitch · first_building Barracks |
| 27:06 | Husain Bolt · wall_segment Stone Wall x11 |
| 27:06 | BigFreak · first_building Stable |
| 27:10 | Husain Bolt · wall_segment Stone Wall x11 |
| 27:18 | BigFreak · first_building Monastery |
| 27:59 | KiFQiT - Joseph Vissarionovitch · first_building Archery Range |
| 28:05 | HeN.53drien · first_building Stable |
| 29:48 | HeN.Synfo · first_building Siege Workshop |
| 29:57 | HeN.53drien · first_building Siege Workshop |
| 30:23 | KiFQiT - Joseph Vissarionovitch · first_building Castle |
| 30:52 | HeN.Synfo · first_building Castle |
| 31:18 | Aykeem · first_market_buy 100 food |
| 33:41 | Husain Bolt · wall_segment Stone Wall x6 |
| 33:41 | Aykeem · first_building Castle |
| 33:45 | Husain Bolt · wall_segment Stone Wall x4 |
| 33:54 | Husain Bolt · wall_segment Stone Wall x2 |
| 34:20 | BigFreak · tribute_sent a jugador 1 |
| 34:20 | BigFreak · tribute_sent a jugador 2 |
| 34:20 | BigFreak · tribute_sent a jugador 3 |
| 34:20 | BigFreak · tribute_sent a jugador 5 |
| 34:20 | BigFreak · tribute_sent a jugador 6 |
| 34:20 | Husain Bolt · tribute_sent a jugador 1 |
| 34:20 | Husain Bolt · tribute_sent a jugador 3 |
| 34:20 | Husain Bolt · tribute_sent a jugador 4 |
| 34:20 | Husain Bolt · tribute_sent a jugador 5 |
| 34:20 | Husain Bolt · tribute_sent a jugador 6 |
| 34:28 | Aykeem · age_up imperial |
| 34:40 | HeN.53drien · first_market_sell 500 wood |
| 35:41 | Husain Bolt · age_up imperial |
| 35:47 | KiFQiT - Joseph Vissarionovitch · age_up imperial |
| 35:50 | BigFreak · age_up imperial |
| 36:05 | BigFreak · first_building Castle |
| 37:14 | HeN.Synfo · age_up imperial |
| 37:53 | HeN.53drien · age_up imperial |
| 38:02 | Aykeem · first_building Siege Workshop |
| 39:37 | Husain Bolt · wall_segment Stone Wall x7 |
| 40:08 | HeN.Synfo · wall_segment Stone Wall x11 |
| 40:14 | HeN.53drien · wall_segment Stone Wall x9 |
| 40:14 | HeN.Synfo · wall_segment Stone Wall x14 |
| 40:22 | HeN.Synfo · wall_segment Stone Wall x15 |
| 40:23 | Husain Bolt · first_building Siege Workshop |
| 40:59 | HeN.53drien · wall_segment Stone Wall x1 |
| 46:37 | BigFreak · tribute_sent a jugador 1 |
| 46:37 | BigFreak · tribute_sent a jugador 2 |
| 46:37 | BigFreak · tribute_sent a jugador 3 |
| 46:37 | BigFreak · tribute_sent a jugador 5 |
| 46:37 | BigFreak · tribute_sent a jugador 6 |
| 47:18 | Aykeem · tribute_sent a jugador 1 |
| 47:18 | Aykeem · tribute_sent a jugador 2 |
| 47:18 | Aykeem · tribute_sent a jugador 4 |
| 47:18 | Aykeem · tribute_sent a jugador 5 |
| 47:18 | Aykeem · tribute_sent a jugador 6 |
| 48:30 | HeN.53drien · first_building Archery Range |
| 53:02 | BigFreak · wall_segment Palisade Wall x1 |
| 53:03 | BigFreak · wall_segment Palisade Wall x1 |
| 53:29 | HeN.Synfo · first_building Monastery |
| 55:09 | HeN.Synfo · first_market_sell 100 wood |
| 57:37 | Aykeem · resign |
[ AI ANALYSIS · 1 CREDIT ]
What really happened in this match?
Wolo.gg analyzes every decision: build order, eco, micro, common mistakes by bracket. Personalized analysis on WhatsApp or Discord in 30 seconds.
Civ guide
Shu
Perfil
Jugador #2522033